 Dungeon Crawl Stone Soup version 0.31-a0-234-gad7ace16ef (webtiles) character file.

Game seed: 9289617131910853991

63 qw the Shooter (level 4, 0/26 HPs)
             Began as a Gargoyle Hexslinger on July 9, 2023.
             Slain by Robin
             ... wielding a +0 spear
              (2 damage)
             ... on level 2 of the Dungeon.
             The game lasted 00:00:27 (1109 turns).

qw the Shooter (Gargoyle Hexslinger)                Turns: 1109, Time: 00:00:28

Health: 0/26       AC:  8    Str: 12    XL:     4   Next: 10%
Magic:  5/5        EV: 10    Int: 13    God:
Gold:   87         SH:  0    Dex: 14    Spells: 4/5 levels left

rFire   . . .        Y - +2 sling
rCold   . . .        (no shield)
rNeg    + . .        i - +0 ring mail
rPois   inf          (no helmet)
rElec   +            (no cloak)
rCorr   .            (no gloves)
SInv    .            (no boots)
Will    .....        (no amulet)
Stlth   +            (no ring)
HPRegen 0.24/turn    (no ring)
MPRegen 0.09/turn

%: no passive effects
@: no status effects
A: sickness immunity, AC +3, negative energy resistance 1, electricity
resistance, torment resistance 1, petrification resistance
a: no special abilities


You were on level 2 of the Dungeon.
You visited 1 branch of the dungeon, and saw 2 of its levels.

You collected 101 gold pieces.
You spent 14 gold pieces at shops.


Innate Abilities, Weirdness & Mutations

You are immune to sickness and miasma.
Your stone body is resilient. (AC +3)
You are immune to poison.
You resist negative energy. (rN+)
You are resistant to electric shocks. (rElec)
You are resistant to unholy torment.
You are immune to petrification.


   Skills:
 - Level 2.1 Fighting
 + Level 3.8 Ranged Weapons
 - Level 1.5 Dodging
 - Level 1.0 Spellcasting
 - Level 2.6 Hexes


You had 4 spell levels left.
You knew the following spells:

 Your Spells              Type           Power      Damage    Failure   Level
a - Slow                  Hex            28%        N/A       22%         1

Your spell library contained the following spells:

 Spells                   Type           Power      Damage    Failure   Level
 Inner Flame              Hex/Fire       4%         N/A       73%         3
 Portal Projectile        Hex/Tloc       8%         N/A       73%         3
 Cause Fear               Hex            3%         N/A       91%         4

Inventory:

Hand Weapons
 Y - a +2 sling (weapon)
Armour
 i - a +0 ring mail (worn)
Scrolls
 a - 4 scrolls of identify
 b - a scroll of blinking {unknown}
 c - a scroll of fear {unknown}
 d - a scroll of brand weapon {unknown}
 f - a scroll of fog {unknown}
Potions
 e - 2 potions of cancellation {unknown}
 g - a potion of magic {unknown}
 h - a potion of enlightenment {unknown}

Dungeon Overview and Level Annotations

Branches:
Dungeon (2/15)

Altars:

Shops:
D:1 *

Annotations:
D:2 Robin


Message History

The hobgoblin hits you but does no damage.
The goblin hits you but does no damage.
You shoot a sling bullet. The sling bullet hits the hobgoblin!
You kill the hobgoblin!
The bat closely misses you. The goblin hits you but does no damage.
You shoot a sling bullet.
The sling bullet barely misses the hobgoblin.
The bat barely misses you. The goblin hits you but does no damage.
The hobgoblin hits you but does no damage.
The bat hits you but does no damage.
You shoot a sling bullet. The sling bullet hits the hobgoblin.
The hobgoblin is almost dead.
The bat hits you but does no damage. The goblin barely misses you.
The hobgoblin hits you but does no damage.
The bat closely misses you.
The hobgoblin hits you but does no damage.
The goblin closely misses you.
You shoot a sling bullet. The sling bullet hits the hobgoblin.
You kill the hobgoblin!
The bat closely misses you. Robin throws the goblin at you!
The goblin barely misses you. The goblin hits you but does no damage.
The bat closely misses you.
You shoot a sling bullet.
The sling bullet barely misses the goblin.
The bat hits you but does no damage. The goblin hits you but does no damage.
The goblin hits you with a +0 dagger. The bat barely misses you.
You shoot a sling bullet. The sling bullet hits the goblin!
You kill the goblin!
The bat barely misses you. The goblin closely misses you. Robin misses you.
The bat closely misses you. The goblin hits you but does no damage.
Robin completely misses you.
You shoot a sling bullet.
The sling bullet closely misses the goblin.
The bat barely misses you. The goblin hits you with a +0 dagger.
Robin closely misses you.
You shoot a sling bullet. The sling bullet hits the goblin.
You kill the goblin!
The bat barely misses you.
Robin hits you from afar with a +0 spear.
You die...

..........
#.....### #. .#
#.......# ##... .#
#.......# #... ..
#.......####..###.#
#......(........ .#
#######.####..###g#
#.####....#)#
#.........@)#
#######+##....b.###
........)..##...#
..........###...#
.........## #...#
#.#...#'###########
#.................#
........###.#######
#...#.#####.#######


You could see Robin and a bat.

Vanquished Creatures
  A gnoll (D:1)
  2 dart slugs (D:1)
  6 ball pythons
  2 endoplasms
  A giant cockroach (D:2)
  6 hobgoblins
  3 jackals (D:2)
  A quokka (D:2)
  5 bats (D:1)
  A frilled lizard (D:1)
  14 goblins
  2 kobolds
  A rat (D:1)
45 creatures vanquished.

Notes
Turn   | Place    | Note
-------+----------+-------------------------------------------
     0 | D:1      | qw the Gargoyle Hexslinger began the quest for the Orb.
     0 | D:1      | Reached XP level 1. HP: 12/12 MP: 2/2
     0 | D:1      | 0 ||| qw: Version: 0.3-a-51-g015441d
     0 | D:1      | 0 ||| qw: Game counter: 4248
     0 | D:1      | 0 ||| qw: Melee chars always use a shield: true
     0 | D:1      | 0 ||| qw: God list: Okawaru
     0 | D:1      | 0 ||| qw: Allow faded altars: false
     0 | D:1      | 0 ||| qw: Do Orc after clearing Dungeon:15 true
     0 | D:1      | 0 ||| qw: Do second Lair branch before Depths: true
     0 | D:1      | 0 ||| qw: Lair rune preference: random
     0 | D:1      | 0 ||| qw: Goals: Normal
     0 | D:1      | 0 ||| PLANNING D:1-11
    61 | D:1      | Found a faded altar of an unknown god.
   136 | D:1      | Reached XP level 2. HP: 16/16 MP: 3/3
   323 | D:1      | Reached skill level 3 in Ranged Weapons
   325 | D:1      | Found Corhuwat's Assorted Antiques.
   338 | D:1      | 338 ||| SHOPLISTING dented garnet amulet (80 gold, have
                  | 29).
   338 | D:1      | 338 ||| SHOPLISTING garnet ring (80 gold, have 29).
   338 | D:1      | 338 ||| BUYING lumpy orange potion (14 gold).
   338 | D:1      | Bought a lumpy orange potion for 14 gold pieces
   338 | D:1      | 338 ||| SHOPLISTING pair of gloves (72 gold, have 15).
   338 | D:1      | 338 ||| SHOPLISTING scroll labelled KIREIR SURI (16 gold,
                  | have 15).
   338 | D:1      | 338 ||| SHOPLISTING scroll labelled MOMOGI KAXAGIDAHE (16
                  | gold, have 15).
   338 | D:1      | 338 ||| SHOPLISTING scroll labelled NENE NEMMOTIT (16 gold,
                  | have 15).
   338 | D:1      | 338 ||| SHOPLISTING scroll labelled YBRERHAOTU (16 gold,
                  | have 15).
   361 | D:1      | Reached XP level 3. HP: 21/21 MP: 4/4
   625 | D:1      | 625 ||| UPGRADING to +0 ring mail.
   635 | D:1      | 635 ||| DROPPING +0 robe.
   636 | D:1      | 636 ||| READING 2 scrolls labelled MOMOGI KAXAGIDAHE.
   637 | D:1      | 637 ||| READING scroll labelled YBRERHAOTU.
   638 | D:1      | 638 ||| READING scroll labelled ISUFUO LOAL.
   643 | D:1      | 643 ||| READING scroll labelled GACKEL QEHUE.
   644 | D:1      | 644 ||| DROPPING scroll of poison.
  1084 | D:2      | Noticed Robin
  1098 | D:2      | Reached XP level 4. HP: 7/26 MP: 5/5
  1100 | D:2      | HP: 6/26 [hobgoblin[Robin] (2)]
  1105 | D:2      | HP: 5/26 [Robin/goblin (2)]
  1106 | D:2      | HP: 2/26 [goblin/+0 dagger[Robin] (3)]
  1109 | D:2      | Slain by Robin

Levels and vault maps discovered:
D:1:      dpeg_arrival_fog, layout_basic, serial_shops, shop,
          hellmonk_ecumenical_altar_pennies_from_heaven
D:2:      layout_basic, uniq_robin

Skill      XL: |  1  2 |
---------------+-------+-----
Ranged Weapons | 3 |  3.8
Fighting       | 2 |  2.1
Dodging        | |  1.5
Spellcasting   | |  1.0
Hexes          | |  2.6

Action                     |  1- 3 |  4- 6 || total
---------------------------+-------+-------++-------
   Fire: Sling             |    91 |    12 ||   103
    Use: Scroll            |     4 |       ||     4
 Armour: Robe              |     3 |       ||     3
         Ring mail         |    24 |    16 ||    40
  Dodge: Dodged            |    23 |    23 ||    46

Table legend:
 A = Non-vault XP
 B = Vault XP
 C = Vault XP percentage of total XP
 D = Non-vault monster count
 E = Vault monster count
 F = Vault count percentage of total count
                 A         B        C        D         E       F
            +---------+---------+-------+---------+---------+-------
      Total |      71 |      22 |  23.7 |      34 |      11 |  24.4
            +---------+---------+-------+---------+---------+-------
        D:1 |      47 |       0 |   0.0 |      19 |       0 |   0.0
        D:2 |      24 |      22 |  47.8 |      15 |      11 |  42.3
            +---------+---------+-------+---------+---------+-------
